 Dungeon Crawl Stone Soup version 0.31-a0-188-g5e087ee2ca (webtiles) character file.

Game seed: 12086305170754775971

50 qw the Shooter (level 3, -3/20 HPs)
             Began as a Deep Elf Hunter on June 23, 2023.
             Slain by a gnoll
             ... wielding a +0 flail
              (4 damage)
             ... on level 2 of the Dungeon.
             The game lasted 00:00:23 (840 turns).

qw the Shooter (Deep Elf Hunter)                     Turns: 840, Time: 00:00:24

Health: -3/20      AC:  7    Str: 10    XL:     3   Next: 55%
Magic:  5/5        EV:  9    Int: 13    God:
Gold:   16         SH:  0    Dex: 18    Spells: 2/2 levels left

rFire   . . .        Y - +0 shortbow
rCold   . . .        (shield currently unavailable)
rNeg    . . .        k - +0 scale mail
rPois   .            l - +1 hat
rElec   .            (no cloak)
rCorr   .            (no gloves)
SInv    .            (no boots)
Will    .....        (no amulet)
Stlth   +            (no ring)
HPRegen 0.23/turn    (no ring)
MPRegen 0.09/turn

%: no passive effects
@: no status effects
A: no striking features
a: no special abilities


You were on level 2 of the Dungeon.
You visited 1 branch of the dungeon, and saw 2 of its levels.

You collected 54 gold pieces.
You spent 38 gold pieces at shops.


   Skills:
 - Level 1.5 Fighting
 + Level 7.1 Ranged Weapons
 - Level 2.4 Dodging
 - Level 1.2 Stealth


You had 2 spell levels left.
You didn't know any spells.
Your spell library was empty.

Inventory:

Hand Weapons
 Y - a +0 shortbow (weapon)
Armour
 k - a +0 scale mail (worn)
 l - a +1 hat (worn)
Scrolls
 a - a scroll of identify
Potions
 g - a potion of mutation
 h - a potion of curing
 i - a potion of might

Dungeon Overview and Level Annotations

Branches:
Dungeon (2/15)

Altars:

Shops:
D:1 *


Message History

What level of the Dungeon? (default 1, ? - help)
You climb downwards.
There is a stone staircase leading up here.
A giant cockroach is nearby!
You shoot an arrow. The arrow hits the giant cockroach!
You kill the giant cockroach!
Found a hand axe.
Found a stone staircase leading down.
A gnoll comes into view. It is wielding a +0 flail.
The gnoll shouts!
You hear a shout! x2
An adder comes into view.
A gnoll comes into view. It is wielding a +0 whip.
You shoot an arrow. The adder hisses angrily.
The arrow hits the gnoll.
The gnoll is moderately wounded.
A gnoll comes into view. It is wielding a +0 flail.
You shoot an arrow. The gnoll shouts!
The arrow hits the gnoll!
The gnoll is severely wounded.
A gnoll comes into view. It is wielding a +0 whip.
You shoot an arrow. The arrow hits the gnoll.
You kill the gnoll!
Your Ranged Weapons skill increases to level 7!
You shoot an arrow. The arrow barely misses the adder.
The arrow hits the gnoll.
The gnoll is moderately wounded.
The adder barely misses you.
You shoot an arrow. The arrow hits the gnoll.
The gnoll is heavily wounded.
The adder barely misses you. x2
You shoot an arrow. The arrow closely misses the gnoll.
The adder bites you. The gnoll barely misses you.
The gnoll hits you with a +0 flail. The adder bites you.
You shoot an arrow. The arrow hits the gnoll.
The gnoll is almost dead.
The gnoll hits you with a +0 whip. The gnoll hits you with a +0 flail.
The adder barely misses you. The gnoll barely misses you.
The gnoll hits you but does no damage. The gnoll hits you with a +0 flail.
You die...

...##.........#
..%..)......#
#.........#
..##..<......#####
...................
....######....####
... ##.#..##### .
#.........##
#...@g......
......gSg..).##
#.............#
.......)$.....#
..............#
......$..>.####
........##.#
....... ..


You could see 3 gnolls and an adder.

Vanquished Creatures
  A gnoll (D:2)
  3 endoplasms (D:1)
  5 giant cockroaches
  A goblin (D:1)
  2 hobgoblins (D:1)
  3 quokkas (D:1)
  6 ball pythons (D:1)
  2 bats (D:1)
  4 frilled lizards (D:1)
  8 kobolds
  5 rats (D:1)
40 creatures vanquished.

Notes
Turn   | Place    | Note
-------+----------+-------------------------------------------
     0 | D:1      | qw the Deep Elf Hunter began the quest for the Orb.
     0 | D:1      | Reached XP level 1. HP: 12/12 MP: 3/3
     0 | D:1      | 0 ||| qw: Version: 0.3-a-9-g12657ce
     0 | D:1      | 0 ||| qw: Game counter: 3406
     0 | D:1      | 0 ||| qw: Always use a shield: true
     0 | D:1      | 0 ||| qw: God list: Okawaru
     0 | D:1      | 0 ||| qw: Allow faded altars: false
     0 | D:1      | 0 ||| qw: Do Orc after D:15 true
     0 | D:1      | 0 ||| qw: Do second Lair branch before Depths: true
     0 | D:1      | 0 ||| qw: Lair rune preference: random
     0 | D:1      | 0 ||| qw: Plans: Normal
     0 | D:1      | 0 ||| PLANNING D:1-11
    75 | D:1      | Reached XP level 2. HP: 16/16 MP: 4/4
   126 | D:1      | Reached skill level 6 in Ranged Weapons
   408 | D:1      | Found Fegrak's Assorted Antiques.
   421 | D:1      | 421 ||| BUYING bubbling inky potion (18 gold).
   421 | D:1      | Bought a bubbling inky potion for 18 gold pieces
   421 | D:1      | 421 ||| SHOPLISTING ring mail (80 gold, have 30).
   421 | D:1      | 421 ||| BUYING scroll labelled GAMEST TENUVO (20 gold).
   421 | D:1      | Bought a scroll labelled GAMEST TENUVO for 20 gold pieces
   421 | D:1      | 421 ||| SHOPLISTING scroll labelled GAMEST TENUVO (20 gold,
                  | have 10).
   421 | D:1      | 421 ||| SHOPLISTING sedimented clear potion (18 gold, have
                  | 10).
   450 | D:1      | Reached XP level 3. HP: 20/20 MP: 5/5
   467 | D:1      | Found a faded altar of an unknown god.
   727 | D:1      | 727 ||| DROPPING scarf of shadows.
   728 | D:1      | 728 ||| UPGRADING to +0 scale mail.
   738 | D:1      | 738 ||| DROPPING +0 leather armour.
   739 | D:1      | 739 ||| UPGRADING to +1 hat.
   744 | D:1      | 744 ||| READING 5 scrolls labelled GAMEST TENUVO.
   745 | D:1      | 745 ||| READING scroll labelled IGURPH QIWN.
   746 | D:1      | 746 ||| READING scroll labelled FETI POPHAWI.
   747 | D:1      | 747 ||| DRINKING 2 sedimented clear potions.
   748 | D:1      | 748 ||| READING 4 scrolls of identify.
   748 | D:1      | 748 ||| IDENTIFYING green potion
   749 | D:1      | 749 ||| READING 3 scrolls of identify.
   749 | D:1      | 749 ||| IDENTIFYING silvery potion
   750 | D:1      | 750 ||| READING 2 scrolls of identify.
   750 | D:1      | 750 ||| IDENTIFYING bubbling inky potion
   751 | D:1      | 751 ||| DROPPING scroll of butterflies.
   752 | D:1      | 752 ||| DROPPING potion of attraction.
   797 | D:2      | 797 ||| STAIRDANCE
   837 | D:2      | Reached skill level 7 in Ranged Weapons
   840 | D:2      | HP: 1/20 [gnoll/+0 flail (6)]
   840 | D:2      | Slain by a gnoll

Levels and vault maps discovered:
D:1:      lemuel_arrival_cross, layout_loops_ring, serial_shops, shop,
          hellmonk_ecumenical_altar_defaced_shrine, minmay_box_of_dots
D:2:      layout_rooms, minmay_statues_item

Skill      XL: |  1  2  3 |
---------------+----------+-----
Ranged Weapons | 6 7 |  7.1
Fighting       | |  1.5
Dodging        | |  2.4
Stealth        | |  1.2

Action                     || total
---------------------------++-------
   Fire: Shortbow          ||    77
    Use: Scroll            ||     6
         Potion            ||     1
 Armour: Leather armour    ||     2
         Scale mail        ||     7
  Dodge: Dodged            ||    18

Table legend:
 A = Non-vault XP
 B = Vault XP
 C = Vault XP percentage of total XP
 D = Non-vault monster count
 E = Vault monster count
 F = Vault count percentage of total count
                 A         B        C        D         E       F
            +---------+---------+-------+---------+---------+-------
      Total |      65 |       7 |   9.7 |      35 |       5 |  12.5
            +---------+---------+-------+---------+---------+-------
        D:1 |      46 |       7 |  13.2 |      31 |       5 |  13.9
        D:2 |      19 |       0 |   0.0 |       4 |       0 |   0.0
            +---------+---------+-------+---------+---------+-------
